 Dungeon Crawl Stone Soup version 0.28-a0-895-g6e5f11bd55 (webtiles) character file.

Game seed: 13129994874112095530

5058 frimble the Slicer (level 10, -1/88 HPs)
             Began as a Troll Warper on Nov 23, 2021.
             Slain by an orc warrior (7 damage)
             ... in a bailey.
             The game lasted 00:12:10 (6600 turns).

frimble the Slicer (Troll Warper)                   Turns: 6600, Time: 00:12:10

Health: -1/88      AC:  9    Str: 21    XL:     10   Next: 31%
Magic:  10/11      EV: 13    Int: 14    God:
Gold:   460        SH:  0    Dex:  9    Spells: 9/12 levels left

rFire   + . .      SeeInvis .   f - +7 rapier of the Crushing Priest {drain, rC+ Stlth+}
rCold   + + .      Faith    .   (no shield)
rNeg    + . .      Spirit   .   E - +0 acid dragon scales
rPois   +          Reflect  .   (helmet restricted)
rElec   +          Harm     .   v - +0 cloak
rCorr   +          Rampage  .   (gloves unavailable)
Will    .....                   (boots unavailable)
Stlth   ++........              (no amulet)
HPRegen 1.24/turn               k - ring of positive energy
MPRegen 0.12/turn               H - +4 ring of evasion

@: resistant, invisible
A: large, unfitting armour, claws 3, regeneration 1, shaggy fur 1, tough skin 1,
antennae 1, clever 1, sense surroundings 1
a: no special abilities


You were in a bailey.
You visited 1 branch of the dungeon, and saw 8 of its levels.
You also visited: Sewer and Bailey.

You collected 460 gold pieces.

Inventory:

Hand Weapons
 a - a +0 vampiric short sword
 f - the +7 rapier of the Crushing Priest (weapon) {drain, rC+ Stlth+}
   (You acquired it on level 2 of the Dungeon)

   A truly terrible weapon, it drains the life of any living foe it strikes.
   rC:        It protects you from cold.
   Stlth:     It makes you more stealthy.
Missiles
 d - 10 boomerangs of dispersal
 s - a curare-tipped dart
 t - 20 poisoned darts (quivered)
 x - a throwing net
 M - 3 boomerangs
Armour
 b - a +0 robe
 v - a +0 cloak (worn)
 w - a +0 kite shield
 E - +0 acid dragon scales (worn)
Jewellery
 k - a ring of positive energy (left claw)
 l - a ring of willpower
 B - a +4 ring of protection
 H - a +4 ring of evasion (right claw)
 L - an amulet of guardian spirit
Wands
 z - a wand of digging (1)
 D - a wand of flame (56)
 K - a wand of polymorph (14)
Scrolls
 c - 2 scrolls of blinking
 i - 2 scrolls of enchant weapon
 o - 2 scrolls of torment
 q - a scroll of silence
 r - 2 scrolls of teleportation
Potions
 e - a potion of curing
 g - 5 potions of haste
 h - 8 potions of might
 j - 3 potions of cancellation
 m - a potion of magic
 n - a potion of invisibility
 p - a potion of heal wounds
 A - 2 potions of attraction
 I - 2 potions of brilliance
 J - a potion of flight


   Skills:
 - Level 2.3 Fighting
 + Level 8.2 Short Blades
 + Level 7.4 Throwing
 - Level 2.2 Dodging
 + Level 6.5 Shields
 - Level 1.5 Spellcasting
 - Level 2.8 Translocations


You had 9 spell levels left.
You knew the following spells:

 Your Spells              Type           Power      Damage    Failure   Level
a - Blink                 Tloc           16%        N/A       16%         2
b - Apportation           Tloc           16%        N/A       10%         1

Your spell library contained the following spells:

 Spells                   Type           Power      Damage    Failure   Level
 Gell's Gravitas          Tloc           8%         N/A       30%         3
 Lesser Beckoning         Tloc           8%         N/A       30%         3
 Teleport Other           Tloc           8%         N/A       30%         3
 Animate Skeleton         Necr           2%         N/A       32%         1
 Magic Dart               Conj           4%         1d3       32%         1
 Summon Small Mammal      Summ           4%         N/A       32%         1
 Ensorcelled Hibernation  Hex/Ice        2%         N/A       43%         2
 Searing Ray              Conj           2%         2d4       43%         2
 Call Canine Familiar     Summ           1%         N/A       67%         3
 Dazzling Flash           Conj/Hex       2%         N/A       67%         3
 Summon Guardian Golem    Hex/Summ       1%         N/A       67%         3
 Tukima's Dance           Hex            1%         N/A       67%         3
 Iskenderun's Mystic Bla  Conj/Tloc      4%         2d3       87%         4
 Manifold Assault         Tloc           8%         N/A       95%         5
 Fulminant Prism          Conj/Hex       0%         3d6       97%         4
 Starburst                Conj/Fire      0%         6d3       100%        6


Dungeon Overview and Level Annotations

Branches:
Dungeon (8/15)             Temple (0/1) D:7           Sewer (visited)
 Bailey (1/1)
   Lair: D:8-11

Altars:
Cheibriados
Dithmenos
Gozag
Hepliaklqana
Okawaru
Qazlal
Sif Muna
Trog
Uskayaw
Yredelemnul
Zin

Shops:
D:6 *   D:7 (

Annotations:
D:4 2 runed translucent doors, pigah's ghost, amateur OpWn


Innate Abilities, Weirdness & Mutations

You are too large for most types of armour.
You have claws for hands.
Your natural rate of healing is unusually fast.
You are covered in fur. (AC +1)
You have tough skin. (AC +1)
You have a pair of small antennae on your head.
Your mind is acute. (Int +2)
You passively map a small area around you.


Message History

You throw a poisoned dart. The poisoned dart hits the gnoll!
The gnoll is poisoned.
You flicker back into view.
The orc warrior barely misses you.
Things that are here:
a +0 halberd; a +0 scale mail The orc warrior shouts!
You hear a shout!
Throw: 20 darts (poison)
Press: ? - help, Q - select action, (/) - cycle Shift-Dir - straight line, f/p - gnoll
Aim: a gnoll, wielding a +0 club (summoned, very poisoned, 63% to hit)
Okay, then.
Unknown command.
Okay, then.
Unknown command.
There is an open door here.
Okay, then.
You see here a +0 halberd.
You fade into invisibility!
The orc warrior closely misses you. The orc warrior misses you.
An orc warrior comes into view. It is wielding a +0 spear.
The orc warrior shouts!
You puncture the orc warrior!
The orc warrior is heavily wounded.
You puncture the orc warrior! You drain the orc warrior.
The orc warrior is almost dead.
The orc warrior closely misses you.
You barely miss the orc warrior.
The orc warrior is moderately wounded.
The orc warrior hits you with a +0 glaive!
* * * LOW HITPOINT WARNING * * *
The orc warrior closely misses you.
You barely miss the orc warrior.
The orc warrior is moderately wounded.
The orc warrior barely misses you.
The orc warrior hits you with a +0 trident.
* * * LOW HITPOINT WARNING * * *
You barely miss the orc warrior.
The orc warrior is moderately wounded.
The orc warrior hits you with a +0 glaive!
You die...

#...(.#
#..().#
##'''##
##.....##
#...)...#
#..o(...#
#...(...#
#...)...#
#.o@.)..#
##.o)..##
###'###
#...#
#.))#
#)..#
#.).#
###)###
##...).##


You could see 3 orc warriors.

Vanquished Creatures
  Grinder (D:5)
  A troll (D:7)
  A wraith (D:7)
  A steam dragon (D:7)
  Edmund (D:4)
  An acid dragon (D:6)
  2 water moccasins
  Duvessa (D:4)
  9 orc warriors
  2 black bears
  3 ice beasts
  3 sky beasts
  3 centaurs
  An ogre (D:7)
  Blork the orc (D:5)
  2 kobold brigands (Sewer)
  4 bullfrogs (D:7)
  2 scorpions
  Dowan (D:4)
  A wight (D:7)
  A howler monkey (D:6)
  A centaur zombie (D:5)
  5 jellies
  A centaur skeleton (D:7)
  2 hounds
  A bullfrog zombie (D:7)
  3 orc priests
  4 iguanas
  2 orc wizards
  A scorpion zombie (D:5)
  A hound skeleton (D:4)
  A mummy (D:4)
  A howler monkey zombie (D:4)
  4 gnolls
  5 river rats (Sewer)
  10 adders
  A shadow imp (D:5)
  4 white imps
  3 worms
  2 dart slugs (D:1)
  34 orcs
  7 bats
  9 endoplasms
  6 giant cockroaches
  4 goblins
  11 hobgoblins
  3 jackals (D:4)
  20 kobolds
  4 quokkas
  10 ball pythons
  7 frilled lizards
  39 rats
  A spectral kobold (D:3)
249 creatures vanquished.

Vanquished Creatures (collateral kills)
  2 orc warriors (Bailey)
  An orc (Bailey)
3 creatures vanquished.

Vanquished Creatures (others)
  5 plants (D:1)
5 creatures vanquished.

Grand Total: 257 creatures vanquished

Notes
Turn   | Place    | Note
-------+----------+-------------------------------------------
     0 | D:1      | frimble the Troll Warper began the quest for the Orb.
     0 | D:1      | Reached XP level 1. HP: 19/19 MP: 1/1
   108 | D:1      | Reached skill level 1 in Throwing
   170 | D:1      | Reached XP level 2. HP: 28/28 MP: 3/3
   582 | D:1      | Reached XP level 3. HP: 35/35 MP: 4/4
   843 | D:2      | Identified a scroll of acquirement
   843 | D:2      | Acquired the +7 rapier of the Crushing Priest {drain, rC+
                  | Stlth+}
   952 | D:2      | Reached skill level 2 in Short Blades
  1528 | D:2      | Reached XP level 4. HP: 42/42 MP: 5/5
  1894 | D:3      | Found a glowing drain.
  1923 | Sewer    | Entered a sewer
  1944 | Sewer    | Reached XP level 5. HP: 30/49 MP: 6/6
  1992 | Sewer    | Learned a level 1 spell: Apportation
  1995 | Sewer    | Learned a level 2 spell: Blink
  2041 | Sewer    | Reached skill level 3 in Short Blades
  2155 | Sewer    | Reached skill level 4 in Short Blades
  2155 | Sewer    | Reached XP level 6. HP: 51/58 MP: 7/7
  2643 | D:3      | Found a faded altar of an unknown god.
  2977 | D:4      | Found a snail-covered altar of Cheibriados.
  3049 | D:4      | Found an opulent altar of Gozag.
  3087 | D:4      | Noticed Edmund
  3110 | D:4      | Killed Edmund
  3111 | D:4      | Reached skill level 5 in Short Blades
  3111 | D:4      | Reached skill level 1 in Shields
  3111 | D:4      | Reached XP level 7. HP: 47/66 MP: 8/8
  3172 | D:4      | Found a runed translucent door.
  3186 | D:4      | Noticed pigah's ghost (amateur OpWn)
  3227 | D:4      | Found a runed translucent door.
  3256 | D:4      | Identified the +0 helmet of Tyepe {Stlth+}
  3274 | D:4      | Found a hide-covered altar of Uskayaw.
  3392 | D:4      | Found a glowing silver altar of Zin.
  3536 | D:5      | Entered Level 5 of the Dungeon
  3543 | D:5      | Noticed Duvessa
  3544 | D:5      | Noticed Blork the orc
  3545 | D:5      | Noticed Dowan
  3586 | D:4      | Killed Duvessa
  3621 | D:4      | Killed Dowan
  3715 | D:5      | Reached XP level 8. HP: 74/74 MP: 9/9
  3925 | D:5      | Reached skill level 6 in Short Blades
  3941 | D:5      | Found a stormy altar of Qazlal.
  3941 | D:5      | Noticed Grinder
  3947 | D:5      | Paralysed by Grinder for 7 turns
  3958 | D:5      | Found a shimmering blue altar of Sif Muna.
  4110 | D:5      | Killed Blork the orc
  4141 | D:5      | Killed Grinder
  4467 | D:6      | Reached skill level 5 in Throwing
  4481 | D:6      | Found an iron altar of Okawaru.
  4481 | D:6      | Found a bloodstained altar of Trog.
  4481 | D:6      | Found a basalt altar of Yredelemnul.
  4531 | D:6      | Found Wiagre Tate's Assorted Antiques.
  4598 | D:6      | Reached XP level 9. HP: 80/80 MP: 10/10
  5011 | D:6      | Found a shadowy altar of Dithmenos.
  5012 | D:6      | Found a hazy altar of Hepliaklqana.
  5079 | D:7      | Noticed a troll
  5092 | D:7      | Killed a troll
  5236 | D:7      | Reached skill level 7 in Short Blades
  5318 | D:7      | Reached skill level 5 in Shields
  5592 | D:7      | Found a staircase to the Ecumenical Temple.
  5635 | D:7      | Reached XP level 10. HP: 73/88 MP: 11/11
  5687 | D:7      | Found Xeaclot's Weapon Shoppe.
  5897 | D:7      | Reached skill level 8 in Short Blades
  6031 | D:8      | Found a flagged portal.
  6037 | Bailey   | Entered a bailey
  6386 | Bailey   | Gained mutation: You passively map a small area around you.
                  | [potion of mutation]
  6386 | Bailey   | Gained mutation: You have a pair of small antennae on your
                  | head. [potion of mutation]
  6386 | Bailey   | Gained mutation: Your mind is acute. (Int +2) [potion of
                  | mutation]
  6578 | Bailey   | HP: 3/88 [orc warrior[an orc warrior] (12)]
  6583 | Bailey   | HP: 3/88 [poisoned by an orc warrior]
  6600 | Bailey   | Slain by an orc warrior

Illustrated notes

Levels and vault maps discovered:
D:1:      minmay_arrival_jagged, layout_loops_cross, serial_forest,
          infiniplex_forest_lined_3_way, infiniplex_forest_clump_tiny,
          infiniplex_forest_side_room, infiniplex_forest_lined_2,
          infiniplex_forest_side_room, chequers_avenue
D:2:      layout_basic
D:3:      layout_rooms, dreamdust_ecumenical_altar_drowned_temple,
          gup_sewer_entry_glass, minmay_rat_hole
D:4:      layout_rooms, pdpol_temple_overflow_zin_treasury_gozag_greed,
          nicolae_uskayaw_suspiria, slow_altar_2, ebering_ghost_sewer_f,
          kennysheep_decorative_pillar, eino_tiny_chamber,
          nicolae_underground_beach, uniq_edmund
D:5:      layout_cave_pools, grunt_qazlal_clouds, led_sif_pool, uniq_duvessa,
          uniq_grinder, uniq_blork_the_orc
D:6:      layout_basic, riverfiend_overflow_shadow_ancestor,
          gammafunk_temple_overflow_claw, serial_shops, shop_fountains,
          kennysheep_generic_room_4
D:7:      layout_basic, minmay_temple_entry_statues_fountains, serial_shops,
          shop, kennysheep_cross_bottleneck, minmay_joined_circles
D:8:      layout_rooms, enter_bailey_4
Bailey:   bailey_polearm_5, bailey

Skill      XL: |  1  2  3  4  5  6  7  8  9 10 |
---------------+-------------------------------+-----
Dodging        | 2 |  2.2
Throwing       | 1 2 3 5 6 7 |  7.4
Short Blades   | 2 4 5 6 7 8 |  8.2
Fighting       | 2 |  2.3
Shields        | 1 2 4 6 |  6.5
Spellcasting   | |  1.5
Translocations | |  2.8

Action                   |  1- 3 |  4- 6 |  7- 9 | 10-12 || total
-------------------------+-------+-------+-------+-------++-------
Melee: Short sword       |    84 |       |       |       ||    84
       Rapier            |    34 |   213 |   263 |    90 ||   600
Throw: Dart              |       |       |    13 |    55 ||    68
 Cast: Blink             |       |       |     1 |     4 ||     5
  Use: Scroll            |     2 |     3 |    12 |     7 ||    24
       Potion            |       |       |       |    10 ||    10
 Stab: Sleeping          |     3 |     4 |     2 |     1 ||    10
       Distracted        |       |     1 |       |       ||     1
Armor: Robe              |    44 |    64 |    38 |       ||   146
       Acid dragon scale |       |       |    38 |    52 ||    90
Dodge: Dodged            |    65 |   110 |   144 |   147 ||   466

Table legend: (Time is in decaauts)
 A = Elapsed time spent in this place.
 B = Non-inter-level travel time spent in this place.
 C = Inter-level travel time spent in this place.
 D = Time resting spent in this place.
 E = Time spent auto-exploring this place.
 F = Levels seen in this place.
 G = Mean time per level.
                   A        B        C        D        E       F      G
               +--------+--------+--------+--------+--------+-----+--------+
         Total |   6565 |   6360 |    205 |     59 |   4428 |  10 |  656.5 |
       Dungeon |   5455 |   5250 |    205 |     38 |   3896 |   8 |  681.9 |
         Sewer |    574 |    574 |      0 |      0 |    329 |   1 |  574.0 |
        Bailey |    536 |    536 |      0 |     21 |    203 |   1 |  536.0 |
               +--------+--------+--------+--------+--------+-----+--------+

Top non-repeatable levels by time:
     D:2: 941 daAuts
     D:7: 854 daAuts
     D:4: 759 daAuts
     D:1: 750 daAuts
     D:6: 722 daAuts
     D:5: 691 daAuts
     D:3: 656 daAuts
   Sewer: 574 daAuts
  Bailey: 536 daAuts
     D:8: 78 daAuts
